 Dungeon Crawl Stone Soup version 0.27.0-1-g7a089689b8 (webtiles) character file.

Game seed: 12282838164314916899

155863 sanka the Gelid (level 17, -1/128 HPs)
             Began as a Vampire Hedge Wizard on Aug 12, 2021.
             Was the Champion of Vehumet.
             Succumbed to a ghost moth's poison
             ... on level 4 of the Spider Nest.
             The game lasted 01:19:19 (34419 turns).

sanka the Gelid (Vampire Hedge Wizard)             Turns: 34419, Time: 01:19:19

Health: -1/128     AC: 14    Str:  8 (9)  XL:     17   Next: 9%
Magic:  2/31       EV: 28    Int: 27      God:    Vehumet [******]
Gold:   2215       SH:  0    Dex: 22      Spells: 18/36 levels left

rFire    x . .     SeeInvis +   a - staff of cold
rCold    + . .     Faith    +   (no shield)
rNeg     + . .     Spirit   .   p - +2 robe {Archmagi}
rPois    .         Reflect  .   Y - +1 hat {Stlth+}
rElec    .         Harm     .   i - +2 cloak of Death Resistance {rN+ Int+2}
rCorr    .         Rampage  .   H - +2 pair of gloves
Will     +....     Archmagi +   d - +2 pair of boots
Stlth    ++++......             O - amulet of faith
HPRegen  0.51/turn              X - ring of Aliguc {rF- Int+2 Dex+8 SInv}
MPRegen  0.22/turn              M - +4 ring of evasion

@: lethally poisoned (-1 -> -22), unable to drink, healing quickly
A: no potions, alive, fangs 3, see invisible, vampiric 2, screaming 1
a: Exsanguinate, Renounce Religion


You were on level 4 of the Spider Nest.
You worshipped Vehumet.
Vehumet was exalted by your worship.
You visited 5 branches of the dungeon, and saw 28 of its levels.
You also visited: Gauntlet.

You collected 3203 gold pieces.
You spent 988 gold pieces at shops.


Innate Abilities, Weirdness & Mutations

You cannot drink.
Your natural rate of healing is accelerated.
You have razor-sharp teeth.
You have supernaturally acute eyesight. (SInv)
You are afflicted with vampirism and can become a bat while bloodless.
You occasionally shout uncontrollably at your foes.


   Skills:
 - Level 10.0 Fighting
 + Level 11.2 Staves
 - Level 15.0 Dodging
 - Level 3.0 Stealth
 - Level 10.0 Spellcasting
 - Level 2.0 Conjurations
 - Level 3.0 Summonings
 - Level 0.7 Translocations
 - Level 18.0 Ice Magic
 - Level 6.0 Evocations


You had 18 spell levels left.
You knew the following spells:

 Your Spells              Type           Power      Damage    Failure   Level
c - Summon Ice Beast      Ice/Summ       100%       N/A       1%          4
u - Freeze                Ice            100%       1d11      0%          1
x - Call Imp              Summ           44%        N/A       1%          2
y - Frozen Ramparts       Ice            100%       1d12      0%          3
z - Magic Dart            Conj           100%       1d8       1%          1
X - Ozocubu's Refrigerat  Ice            64%        4d17      1%          7

Your spell library contained the following spells:

 Spells                   Type           Power      Damage    Failure   Level
 Ignition                 Fire           10%        3d5       100%        8
 Foxfire                  Conj/Fire      100%       2x1d9     1%          1
 Summon Small Mammal      Summ           100%       N/A       1%          1
 Ensorcelled Hibernation  Hex/Ice        100%       N/A       1%          2
 Poisonous Vapours        Pois/Air       40%        N/A       1%          2
 Ice Form                 Ice/Tmut       96%        N/A       1%          4
 Conjure Flame            Conj/Fire      28%        6-21      2%          3
 Mephitic Cloud           Conj/Pois/Air  25%        N/A       2%          3
 Stone Arrow              Conj/Erth      56%        3d10      2%          3
 Call Canine Familiar     Summ           44%        N/A       3%          3
 Corona                   Hex            22%        N/A       4%          1
 Blink                    Tloc           N/A        N/A       4%          2
 Slow                     Hex            20%        N/A       6%          2
 Summon Guardian Golem    Hex/Summ       32%        N/A       7%          3
 Iskenderun's Mystic Bla  Conj/Tloc      31%        2d8       7%          4
 Portal Projectile        Hex/Tloc       46%        N/A       11%         3
 Spider Form              Tmut/Pois      10%        N/A       13%         3
 Tukima's Dance           Hex            20%        N/A       13%         3
 Animate Armour           Summ/Erth      64%        N/A       22%         4
 Bolt of Magma            Conj/Fire/Erth 12%        4d8       24%         5
 Leda's Liquefaction      Hex/Erth       10%        N/A       38%         4
 Iron Shot                Conj/Erth      14%        9d4       69%         6
 Alistair's Intoxication  Tmut/Pois      13%        N/A       75%         5
 Blade Hands              Tmut           10%        N/A       75%         5
 Borgnjor's Vile Clutch   Necr/Erth      10%        N/A       75%         5
 Eringya's Noxious Bog    Tmut/Pois      10%        N/A       82%         6
 Spellforged Servitor     Conj/Summ      20%        N/A       95%         7
 Lehudib's Crystal Spear  Conj/Erth      14%        10d5      100%        8
 Shatter                  Erth           10%        3d11*     100%        9

Inventory:

Hand Weapons
 b - a +1 lajatang of draining
 I - a +3 great sword
Missiles
 G - 4 throwing nets {=f}
 T - 3 curare-tipped darts {=f}
Armour
 d - a +2 pair of boots (worn)
 i - the +2 cloak of Death Resistance (worn) {rN+ Int+2}

   Int:       It affects your intelligence (+2).
   rN:        It protects you from negative energy.
 p - a +2 robe of the Archmagi (worn)
 H - a +2 pair of gloves (worn)
 K - a +0 robe of fire resistance
 Y - a +1 hat of stealth (worn)
Magical Staves
 a - a staff of cold (weapon)
Jewellery
 m - a ring of protection from cold
 M - a +4 ring of evasion (right hand)
 O - an amulet of faith (around neck)
 Q - an amulet of regeneration
 X - the ring of Aliguc (left hand) {rF- Int+2 Dex+8 SInv}

   [ring of see invisible]

   Int:       It affects your intelligence (+2).
   Dex:       It affects your dexterity (+8).
   rF:        It makes you vulnerable to fire.
   SInv:      It lets you see invisible.
Wands
 c - a wand of mindburst (33)
 l - a wand of paralysis (9)
 n - a wand of charming (6)
 o - a wand of digging (9)
 v - a wand of flame (8)
 B - a wand of iceblast (11)
 E - a wand of polymorph (39)
 P - a wand of acid (7)
Scrolls
 e - 12 scrolls of teleportation {@r4}
 j - 8 scrolls of amnesia
 r - 8 scrolls of magic mapping
 u - 4 scrolls of immolation {!r}
 x - 4 scrolls of enchant weapon
 y - 5 scrolls of fog
 A - 7 scrolls of identify {@r1}
 C - 4 scrolls of silence {!r}
 D - a scroll of summoning
 F - 4 scrolls of blinking
 N - 5 scrolls of fear
Potions
 f - 8 potions of heal wounds {@q2}
 g - 4 potions of ambrosia
 h - 6 potions of invisibility
 k - a potion of mutation {unknown}
 q - 4 potions of might
 s - 4 potions of flight
 t - 3 potions of lignification
 w - 5 potions of curing {@q1}
 z - 3 potions of resistance
 J - 4 potions of attraction {!q}
 L - 7 potions of haste {@q3}
 S - 3 potions of berserk rage {!q}

Dungeon Overview and Level Annotations

Branches:
Dungeon (15/15)            Temple (1/1) D:5            Lair (6/6) D:8
 Shoals (0/4) Lair:3       Spider (4/4) Lair:3        Slime (0/5) Lair:5
    Orc (2/2) D:9             Elf (0/3) Orc:2        Vaults (0/5) D:13
 Depths (0/5) D:15        Gauntlet (visited)

Altars:
Ashenzari
Cheibriados
Dithmenos
Elyvilon
Fedhas
Gozag
Hepliaklqana
Kikubaaqudgha
Makhleb
Nemelex Xobeh
Okawaru
Qazlal
Ru
Sif Muna
Trog
Uskayaw
Vehumet
Wu Jian
Xom
Yredelemnul
Zin
The Shining One
Jiyva

Shops:
D:6 ?   D:7 =   D:8 (   Orc:1 (   Orc:2 =*[(

Annotations:
D:9 3 runed translucent doors, Crownlay's ghost, journeyman MiBe; MoonlitKnight's ghost, novice MfGl; Suckerboh's ghost, novice DECj; coffeespoons's ghost, novice MfIE
Lair:6 2 transporters, Hiezim's ghost, journeyman DECj

▒▒▒▒▒ ▒▒▒▒ ▒▒▒≈≈≈▒
▒▒▒≈≈▒▒▒▒▒▒▒..../▒▒▒▒▒
▒...≈≈≈▒.≈^.≈..≈.≈≈.≈▒▒▒
▒▒..≈≈≈≈..≈▒▒..▒▒......▒▒▒▒▒▒
▒▒^▒▒≈..≈▒▒▒V≈▒▒≈.▒≈...▒≈≈≈▒▒
▒▒▒....▒▒ ▒...▒▒▒▒▒.^.≈≈≈≈≈≈
▒...≈▒ ▒▒..▒ ▒≈...≈▒▒≈.
▒▒≈.≈▒▒ ▒''▒ ▒▒.≈..≈▒▒▒
▒▒≈.≈▒▒ ▒^.†▒▒†..▒ ▒▒▒≈.≈▒▒▒
▒..≈▒▒▒▒▒.^. †..▒ ▒▒..≈≈▒
▒..≈▒..▒▒... †..+ ▒....≈
▒▒▒.≈≈≈≈.▒▒▒▒▒ ▒▒▒▒ ▒▒▒▒≈≈..
▒▒.≈.≈≈≈≈.▒▒▒▒▒▒▒▒▒▒▒▒
▒..≈≈≈≈.


There were no monsters in sight!


Message History

You feel weakened. The ghost moth misses you.
You completely miss the ghost moth.
You bite the ghost moth, but do no damage.
The ghost moth is severely wounded.
* * * LOW HITPOINT WARNING * * *
You feel extremely sick. The ghost moth misses you. The ghost moth hits you!
* * * LOW HITPOINT WARNING * * *
The ghost moth closely misses you.
Unknown command.
Aiming: Corrosive Bolt
Aim: a ghost moth (severely wounded, slightly transparent, 74% to hit)
The bolt of acid hits the ghost moth!!
The ghost moth is splashed with acid.
The acid corrodes the ghost moth!
You kill the ghost moth!
Vehumet accepts your kill.
* * * LOW HITPOINT WARNING * * *
You feel extremely sick.
Unknown command.
Unknown command.
Unknown command.
* * * LOW HITPOINT WARNING * * *
You feel extremely sick.
* * * LOW HITPOINT WARNING * * *
You feel extremely sick.
You cannot drink potions in your current state!
You die...

Action                   |  1- 3 |  4- 6 |  7- 9 | 10-12 | 13-15 | 16-18 || total
-------------------------+-------+-------+-------+-------+-------+-------++-------
Melee: Dagger            |    70 |   162 |   136 |       |       |       ||   368
       Bite              |     5 |    10 |    19 |    32 |    93 |    32 ||   191
       Morningstar       |       |       |    35 |       |       |       ||    35
       Great sword       |       |       |    17 |   151 |   254 |       ||   422
       Staff             |       |       |       |       |    86 |   194 ||   280
       Lajatang          |       |       |       |       |    28 |    14 ||    42
 Cast: Magic Dart        |   115 |    44 |    40 |       |       |       ||   199
       Call Imp          |    10 |    14 |    15 |     2 |       |       ||    41
       Frozen Ramparts   |       |       |    23 |    49 |    92 |     1 ||   165
       Freeze            |       |       |    32 |   204 |   381 |       ||   617
       Summon Ice Beast  |       |       |       |    11 |    32 |       ||    43
       Ozocubu's Refrige |       |       |       |       |    96 |    71 ||   167
Evoke: Wand              |       |       |     2 |     4 |    38 |     2 ||    46
  Use: Potion            |       |     1 |       |     4 |     1 |       ||     6
       Scroll            |       |       |     6 |    10 |    10 |     2 ||    28
 Stab: Distracted        |     2 |     2 |       |       |     3 |       ||     7
       Sleeping          |       |     2 |     4 |     6 |     1 |     1 ||    14
       Paralysed         |       |       |     3 |       |       |       ||     3
Armor: Robe              |     6 |    35 |    42 |   116 |   185 |    89 ||   473
Dodge: Dodged            |    61 |    95 |   165 |   588 |  1175 |   392 ||  2476
       Rpst.: Great sword |       |       |    11 |   146 |   239 |       ||   396

Levels and vault maps discovered:
D:1:      dpeg_arrival_radiant, layout_basic, basic_ecumenical_altar
D:2:      minmay_razor_zed, layout_basic, basic_altar, serial_bayou_pond_c
D:3:      cheibrodos_thug_alley, layout_rooms, serial_aquarium,
          aquarium_bridge_square [aquarium_subvault_wall,
          aquarium_subvault_bridge, aquarium_subvault_wall,
          aquarium_subvault_bridge], aquarium_window_fake, aquarium_window_fake,
          aquarium_view_2g, aquarium_view_2c, kennysheep_jessica_study
D:4:      layout_cave_pools, kennysheep_opposing_triangles, uniq_natasha
D:5:      layout_basic, lemuel_temple_firewalk_b, wad_floor_pattern_2,
          serial_bayou_pond_c, hangedman_decor_push, kennysheep_crisscross
D:6:      layout_gridville, serial_shops, shop, uniq_duvessa, uniq_grinder,
          uniq_maggie
D:7:      kennysheep_spiral_hall, layout_cave_pools, serial_shops,
          nicolae_take_the_stairs, serial_undead, serial_undead_e,
          serial_undead_d, serial_undead_a, serial_undead_f, uniq_harold
D:8:      layout_basic, lair_entry_dummy, serial_shops, nicolae_diamond_shop,
          minmay_statues_item
D:9:      layout_irregular_city, kennysheep_little_box, david_orc_1_choice,
          serial_column_ruins, column_ruins_hut_pillars,
          column_ruins_square_small, column_ruins_columns_straight,
          column_ruins_grid_4, column_ruins_grid_1,
          column_ruins_columns_straight, column_ruins_columns_straight,
          column_ruins_grid_2, gammafunk_ghost_cemetery
D:10:     layout_roguey, marbit_many_paths, gammafunk_temple_overflow_wave,
          serial_corexii_hall, chequers_hall_statues_y,
          chequers_hall_statues_wall_a
D:11:     layout_gridville, gauntlet_entry_generic, uniq_urug
D:12:     layout_grid_maze, lightli_corner_chamber
D:13:     layout_roguey, ximxim_vaults_locker_room
D:14:     layout_cave_pools, corexii_corridor_pit
D:15:     grunt_enter_depths_magical_seal, layout_basic, serial_park_square2,
          hangedman_abyss_or_decor_lesser_grid, uniq_louise
Temple:   eino_narrow_crystal_temple
Lair:1:   layout_cave_pods, grunt_forest_small_clearings, grunt_megastairs_3
Lair:2:   layout_roguey
Lair:3:   layout_long_grid, minmay_shoals_entry_centaurs,
          spider_nest_entry_funnel_web, basic_altar, nzn_sisyphean_effort,
          uniq_gastronok, uniq_sonja
Lair:4:   layout_roguey, lemuel_fruit_fields, infiniplex_staircase_pool
Lair:5:   layout_small_grid, slime_altar_1, uniq_nessos
Lair:6:   due_jungle_book, layout_long_grid, gammafunk_ghost_hive, st_stairs_3
Spider:1: layout_spider_delve, uniq_kirke
Spider:2: layout_spider_delve, uniq_azrael
Spider:3: layout_spider_delve, gammafunk_ghost_tricky_traps
Spider:4: spider_rune_water, nicolae_spider_webs_and_nodes
Orc:1:    layout_diamond_mine, serial_shops, shop, uniq_erica
Orc:2:    st_orc_congregation, layout_diamond_mine

Notes
Turn   | Place    | Note
-------+----------+-------------------------------------------
     0 | D:1      | sanka the Vampire Hedge Wizard began the quest for the Orb.
     0 | D:1      | Reached XP level 1. HP: 13/13 MP: 4/4
   108 | D:1      | Reached skill level 1 in Conjurations
   259 | D:1      | Reached XP level 2. HP: 19/19 MP: 3/6
   294 | D:1      | Learned a level 2 spell: Call Imp
   681 | D:2      | Reached skill level 2 in Conjurations
  1352 | D:2      | Gained mutation: You are afflicted with vampirism and can
                  | become a bat while bloodless. [Vampire growth]
  1352 | D:2      | Reached XP level 3. HP: 23/24 MP: 1/7
  1733 | D:2      | Reached skill level 2 in Summonings
  2258 | D:2      | Noticed a phantom
  2468 | D:2      | Reached skill level 3 in Summonings
  2468 | D:2      | Reached XP level 4. HP: 21/30 MP: 2/8
  2889 | D:3      | Reached skill level 1 in Fighting
  2951 | D:3      | Identified a +2 robe of the Archmagi
  2951 | D:3      | Noticed Jessica
  2961 | D:3      | Killed Jessica
  2962 | D:3      | Reached skill level 3 in Dodging
  3190 | D:3      | Reached XP level 5. HP: 37/37 MP: 3/9
  3353 | D:3      | Reached skill level 2 in Fighting
  3876 | D:4      | Reached skill level 4 in Dodging
  4023 | D:4      | Reached XP level 6. HP: 38/46 MP: 6/10
  4100 | D:4      | Reached skill level 3 in Fighting
  4174 | D:4      | Noticed Natasha
  4184 | D:4      | Killed Natasha
  4233 | D:4      | Noticed Natasha
  4235 | D:4      | Reached skill level 5 in Dodging
  4239 | D:4      | Killed Natasha
  4596 | D:4      | Noticed Natasha
  4612 | D:4      | Killed Natasha
  4811 | D:4      | Reached XP level 7. HP: 51/52 MP: 11/11
  4825 | D:4      | Reached skill level 6 in Dodging
  4941 | D:4      | lava tunnel
  4965 | D:5      | Entered Level 5 of the Dungeon
  5284 | D:5      | Reached skill level 7 in Dodging
  5612 | D:5      | Learned a level 3 spell: Frozen Ramparts
  5649 | D:5      | Reached skill level 8 in Dodging
  5754 | D:5      | Reached skill level 1 in Ice Magic
  5873 | D:5      | Found a staircase to the Ecumenical Temple.
  5882 | Temple   | Entered the Ecumenical Temple
  6065 | Temple   | Became a worshipper of Vehumet
  6273 | D:5      | Reached skill level 2 in Ice Magic
  6273 | D:5      | Reached XP level 8. HP: 58/58 MP: 12/12
  6509 | D:6      | Reached skill level 3 in Ice Magic
  6755 | D:6      | Reached skill level 4 in Ice Magic
  6938 | D:6      | Reached skill level 5 in Ice Magic
  7076 | D:6      | Identified +1 steam dragon scales
  7076 | D:6      | Noticed Maggie
  7093 | D:6      | Killed Maggie
  7094 | D:6      | Reached skill level 6 in Ice Magic
  7221 | D:6      | Learned a level 4 spell: Summon Ice Beast
  7226 | D:6      | Noticed Dowan
  7226 | D:6      | Noticed Duvessa
  7250 | D:6      | Killed Duvessa
  7253 | D:6      | Killed Dowan
  7426 | D:6      | Reached * piety under Vehumet
  7426 | D:6      | Offered knowledge of Freeze by Vehumet.
  7430 | D:6      | Learned a level 1 spell: Freeze
  7583 | D:6      | Noticed Grinder
  7584 | D:6      | Paralysed by Grinder for 2 turns
  7601 | D:6      | Killed Grinder
  7602 | D:6      | Reached skill level 7 in Ice Magic
  7602 | D:6      | Reached XP level 9. HP: 65/65 MP: 8/13
  7643 | D:6      | Found Koniy's Magic Scroll Boutique.
  7733 | D:8      | Reached skill level 4 in Fighting
  7735 | D:8      | Reached skill level 9 in Dodging
  7740 | D:8      | Reached skill level 5 in Fighting
  7830 | D:8      | Found a staircase to the Lair.
  8199 | D:7      | Reached skill level 6 in Fighting
  8199 | D:7      | Reached skill level 10 in Dodging
  8801 | D:7      | Noticed Harold
  8941 | D:7      | Reached XP level 10. HP: 73/76 MP: 12/14
  9042 | D:7      | Reached skill level 11 in Dodging
  9094 | D:7      | Found Pogay's Jewellery Boutique.
  9653 | D:7      | Reached ** piety under Vehumet
  9661 | D:7      | Offered knowledge of Static Discharge by Vehumet.
  9714 | D:7      | Reached skill level 12 in Dodging
  9770 | D:7      | Killed Harold
  9771 | D:7      | Reached skill level 4 in Spellcasting
 10110 | D:8      | Reached skill level 5 in Spellcasting
 10250 | D:8      | Found Kopoa's Antique Weapon Emporium.
 10431 | D:9      | Found a runed translucent gate.
 10432 | D:9      | Found a runed translucent gate.
 10456 | D:9      | Found a runed translucent gate.
 10457 | D:9      | Noticed Crownlay's ghost (journeyman MiBe)
 10459 | D:9      | Noticed Suckerboh's ghost (novice DECj)
 10599 | D:7      | Bought a +4 ring of evasion for 468 gold pieces
 10928 | D:9      | Found a staircase to the Orcish Mines.
 10952 | D:9      | Offered knowledge of Searing Ray by Vehumet.
 10953 | D:9      | Reached skill level 6 in Spellcasting
 11126 | D:9      | Found a sacrificial altar of Ru.
 11282 | D:9      | Noticed coffeespoons's ghost (novice MfIE)
 11282 | D:9      | Noticed MoonlitKnight's ghost (novice MfGl)
 11359 | D:9      | Reached *** piety under Vehumet
 11527 | D:10     | Entered Level 10 of the Dungeon
 11603 | D:10     | Found a shimmering blue altar of Sif Muna.
 11752 | D:10     | Reached XP level 11. HP: 80/83 MP: 12/20
 11755 | D:10     | Reached skill level 7 in Fighting
 11828 | D:10     | Found a shimmering altar of Xom.
 11828 | D:10     | Found a snail-covered altar of Cheibriados.
 12052 | D:10     | Reached skill level 13 in Dodging
 12157 | D:10     | Offered knowledge of Dazzling Flash by Vehumet.
 12161 | D:10     | Reached skill level 8 in Fighting
 12391 | D:11     | Noticed a two-headed ogre
 12403 | D:11     | Killed a two-headed ogre
 12648 | D:11     | Noticed a two-headed ogre
 12651 | D:11     | Found a gate leading to a gauntlet.
 12652 | D:11     | Noticed Urug
 12658 | Gauntlet | Entered a Gauntlet
 12658 | Gauntlet | Found a transporter.
 12658 | Gauntlet | Found a transporter.
 12658 | Gauntlet | Found a transporter.
 12658 | Gauntlet | Found a transporter.
 12678 | Gauntlet | Found a transporter.
 12686 | Gauntlet | Noticed a hell beast
 12693 | Gauntlet | Found a transporter.
 12713 | Gauntlet | Noticed a tengu warrior
 12725 | Gauntlet | Found a transporter.
 12729 | Gauntlet | Found a large runed translucent door.
 12730 | Gauntlet | Found a large runed translucent door.
 12731 | Gauntlet | Found a large runed translucent door.
 12731 | Gauntlet | Found a large runed translucent door.
 12731 | Gauntlet | Found a runed translucent door.
 12732 | Gauntlet | Found a large runed translucent door.
 12733 | Gauntlet | Found a transporter.
 12733 | Gauntlet | Found a large runed translucent door.
 12734 | Gauntlet | Found a large runed translucent door.
 12734 | Gauntlet | Found a large runed translucent door.
 12735 | Gauntlet | Found a runed translucent gate.
 12758 | Gauntlet | Found a transporter.
 12773 | Gauntlet | Found a transporter.
 12798 | Gauntlet | Found a transporter.
 12798 | Gauntlet | Found a runed translucent gate.
 12799 | Gauntlet | Found a runed translucent gate.
 12800 | Gauntlet | Found a large runed translucent door.
 12800 | Gauntlet | Found a large runed translucent door.
 12800 | Gauntlet | Noticed a fire crab
 12801 | Gauntlet | Found a large runed translucent door.
 12802 | Gauntlet | Found a large runed translucent door.
 12811 | Gauntlet | Found a large runed translucent door.
 12811 | Gauntlet | Found a large runed translucent door.
 12811 | Gauntlet | Found a runed translucent door.
 12812 | Gauntlet | Found a large runed translucent door.
 12813 | Gauntlet | Found a large runed translucent door.
 12815 | Gauntlet | Found a transporter.
 12961 | Gauntlet | Killed a hell beast
 12962 | Gauntlet | Reached skill level 9 in Fighting
 12999 | Gauntlet | Identified the ring of Aliguc {rF- Int+2 Dex+8 SInv}
 13047 | Gauntlet | Noticed a minotaur
 13057 | Gauntlet | HP: 7/89 [minotaur (13)]
 13057 | Gauntlet | HP: 3/89 [minotaur (4)]
 13059 | Gauntlet | Killed a minotaur
 13060 | Gauntlet | Reached skill level 14 in Dodging
 13125 | Gauntlet | Got Hoema's Incunabulum of Poison
 13203 | D:11     | Killed a two-headed ogre
 13203 | D:11     | Reached **** piety under Vehumet
 13207 | D:11     | Killed Urug
 13208 | D:11     | Reached XP level 12. HP: 96/96 MP: 10/21
 13390 | D:11     | Offered knowledge of Inner Flame by Vehumet.
 13508 | Lair:1   | Entered Level 1 of the Lair of Beasts
 13646 | Lair:1   | Reached skill level 10 in Fighting
 13800 | Lair:1   | Reached skill level 15 in Dodging
 15078 | Lair:3   | Reached skill level 8 in Ice Magic
 15083 | Lair:3   | Reached skill level 9 in Ice Magic
 15189 | Lair:3   | Noticed Gastronok
 15210 | Lair:3   | Killed Gastronok
 15444 | Lair:3   | Reached skill level 10 in Ice Magic
 15516 | Lair:3   | Found a hole to the Spider Nest.
 15571 | Lair:3   | Found a staircase to the Shoals.
 15887 | Lair:3   | Reached skill level 11 in Ice Magic
 15893 | Lair:3   | Reached XP level 13. HP: 88/103 MP: 15/22
 16085 | Lair:3   | Noticed Sonja
 16097 | Lair:3   | Killed Sonja
 16389 | Lair:3   | Found a hazy altar of Hepliaklqana.
 16694 | Lair:4   | Reached skill level 12 in Ice Magic
 16801 | Lair:4   | Reached ***** piety under Vehumet
 16807 | Lair:4   | Offered knowledge of Bolt of Magma by Vehumet.
 17607 | Lair:5   | Found a viscous altar of Jiyva.
 17639 | Lair:5   | Found a staircase to the Slime Pits.
 17816 | Lair:5   | Reached skill level 13 in Ice Magic
 18181 | Lair:5   | Noticed Nessos
 18199 | Lair:5   | Killed Nessos
 18477 | Lair:6   | Entered Level 6 of the Lair of Beasts
 18512 | Lair:6   | Reached skill level 14 in Ice Magic
 18792 | Lair:6   | Found a transporter.
 18969 | Lair:6   | Noticed Hiezim's ghost (journeyman DECj)
 18991 | Lair:6   | Found a transporter.
 19019 | Lair:6   | Noticed a dire elephant
 19019 | Lair:6   | Noticed a dire elephant
 19331 | Lair:6   | Identified the ring of Tih Quc {Wiz rPois Str-3 Stlth+}
 19390 | Lair:6   | Noticed a dire elephant
 19404 | Lair:6   | Killed a dire elephant
 19405 | Lair:6   | Reached skill level 15 in Ice Magic
 19510 | Lair:6   | Reached XP level 14. HP: 66/110 MP: 21/23
 19580 | Lair:6   | Identified 2 potions of resistance
 20099 | Orc:1    | Entered Level 1 of the Orcish Mines
 20104 | Orc:1    | Found Lelial's Weapon Emporium.
 20109 | Orc:1    | Noticed Erica
 20129 | Orc:1    | Killed Erica
 20130 | Orc:1    | Reached skill level 1 in Evocations
 20426 | Orc:2    | Entered Level 2 of the Orcish Mines
 20502 | Orc:1    | Reached skill level 2 in Evocations
 20653 | Orc:2    | Offered knowledge of Starburst by Vehumet.
 20688 | Orc:2    | Noticed an orc warlord
 20697 | Orc:2    | Reached skill level 3 in Evocations
 20716 | Orc:2    | Killed an orc warlord
 20726 | Orc:2    | Gained mutation: You occasionally shout uncontrollably at
                  | your foes. [a neqoxec]
 20983 | Orc:2    | Identified a +2 robe of the Archmagi
 20989 | Orc:2    | Reached skill level 16 in Ice Magic
 20989 | Orc:2    | Reached skill level 4 in Evocations
 21290 | Orc:2    | Found Fintaz's General Store.
 21291 | Orc:2    | Found Nodam's Jewellery Boutique.
 21293 | Orc:2    | Found Fytoh's Antique Armour Boutique.
 21293 | Orc:2    | Found Kusoki's Antique Weapon Shop.
 21738 | Orc:2    | Reached skill level 5 in Evocations
 21853 | Orc:2    | Found a staircase to the Elven Halls.
 21910 | Orc:1    | Noticed an orc warlord
 21923 | Orc:1    | HP: 8/110 [orc warlord (49)]
 22261 | Orc:1    | Killed an orc warlord
 22545 | Orc:1    | Reached ****** piety under Vehumet
 22787 | D:7      | Bought an amulet of faith for 520 gold pieces
 23095 | D:12     | Offered knowledge of Ozocubu's Refrigeration by Vehumet.
 23104 | D:12     | Learned a level 7 spell: Ozocubu's Refrigeration
 23382 | D:13     | Reached skill level 6 in Evocations
 23814 | D:13     | Reached XP level 15. HP: 103/115 MP: 10/25
 23896 | D:13     | Found a gate to the Vaults.
 24103 | D:13     | Reached skill level 7 in Spellcasting
 24224 | D:13     | HP: 8/115 [very large slime creature (53)]
 25330 | D:12     | Reached skill level 17 in Ice Magic
 26456 | D:14     | Offered knowledge of Lightning Bolt by Vehumet.
 26457 | D:14     | Reached skill level 8 in Spellcasting
 26864 | D:14     | Got the Collected Works on Attacks
 27023 | D:15     | Entered Level 15 of the Dungeon
 27312 | D:15     | Noticed Louise
 27315 | D:15     | Killed Louise
 28150 | D:15     | Found a staircase to the Depths.
 28156 | D:15     | Reached skill level 9 in Spellcasting
 29470 | Spider:1 | Entered Level 1 of the Spider Nest
 29783 | Spider:1 | Noticed Kirke
 29785 | Spider:1 | Offered knowledge of Conjure Ball Lightning by Vehumet.
 29787 | Spider:1 | Killed Kirke
 29788 | Spider:1 | Reached skill level 10 in Spellcasting
 29788 | Spider:1 | Reached skill level 18 in Ice Magic
 29819 | Spider:1 | Reached skill level 1 in Staves
 30248 | Spider:1 | Reached skill level 2 in Staves
 30684 | Spider:2 | Noticed Azrael
 30686 | Spider:2 | Killed Azrael
 30687 | Spider:2 | Reached skill level 3 in Staves
 30700 | Spider:2 | Reached XP level 16. HP: 114/122 MP: 11/30
 31007 | Spider:2 | Reached skill level 4 in Staves
 31321 | Spider:3 | Reached skill level 5 in Staves
 31410 | Spider:3 | Offered knowledge of Irradiate by Vehumet.
 31504 | Spider:3 | Reached skill level 6 in Staves
 31982 | Spider:3 | Found a runed translucent gate.
 31982 | Spider:3 | Found a runed translucent gate.
 31982 | Spider:3 | Found a runed translucent gate.
 32146 | Spider:3 | Noticed Taocaav's ghost (adept CeHu)
 32309 | Spider:3 | Reached skill level 7 in Staves
 32314 | Spider:3 | Killed Taocaav's ghost
 32458 | Spider:3 | Identified the +2 cloak of Death Resistance {rN+ Int+2}
 32513 | Spider:4 | Entered Level 4 of the Spider Nest
 32516 | Spider:4 | Reached skill level 8 in Staves
 32714 | Spider:4 | Reached skill level 9 in Staves
 33411 | Spider:4 | Offered knowledge of Ignition by Vehumet.
 33567 | Spider:4 | Reached skill level 10 in Staves
 33676 | Spider:4 | HP: 11/122 [redback (6)]
 34403 | Spider:4 | Reached XP level 17. HP: 122/128 MP: 15/31
 34404 | Spider:4 | Reached skill level 11 in Staves
 34417 | Spider:4 | HP: 10/128 [poisoned by a ghost moth]
 34418 | Spider:4 | HP: 4/128 [poisoned by a ghost moth]
 34419 | Spider:4 | Succumbed to a ghost moth's poison

Vanquished Creatures
  The ghost of Taocaav the Crack Shot, an adept CeHu of Okawaru (Spider:3)
  Kirke (Spider:1)
  Gastronok (Lair:3)
  2 ghost moths (Spider:4)
  Louise (D:15)
  An orc warlord (Orc:2)
  5 emperor scorpions
  Nessos (Lair:5)
  3 spark wasps (Spider:4)
  A minotaur (Gauntlet)
  3 entropy weavers
  Azrael (Spider:2)
  3 dire elephants (Lair:6)
  Harold (D:7)
  3 boulder beetles
  A vault guard (D:13)
  5 hydras
  A catoblepas (Lair:4)
  7 centaur warriors
  3 death knights
  Erica (Orc:1)
  4 two-headed ogres
  5 death yaks
  A spectral dire elephant (Lair:6)
  A tengu warrior (D:15)
  4 orc high priests (Orc:2)
  Urug (D:11)
  A fire crab (shapeshifter) (D:15)
  Sonja (Lair:3)
  10 skeletal warriors
  A spectral anaconda (Lair:6)
  An obsidian statue (Lair:6)
  8 orc knights
  4 necromancers
  19 wolf spiders
  17 orb spiders
  3 deep elf pyromancers
  A deep elf zephyrmancer (D:15)
  3 cyclopes
  7 orc sorcerers
  2 manticores
  2 moths of wrath
  3 black mambas
  15 elephants
  A torpor snail (Spider:2)
  10 cane toads
  3 centaur skeletons (D:15)
  Maggie (D:6)
  A kobold demonologist (D:14)
  4 komodo dragons
  10 demonic crawlers
  4 rime drakes
  2 dire elephant skeletons (Lair:6)
  2 freezing wraiths
  29 jumping spiders
  A polar bear (Lair:4)
  9 meliai (D:14)
  5 trolls
  A tyrant leech (Gauntlet)
  8 hornets
  3 slime creatures (D:13)
  32 tarantellas
  49 redbacks
  42 yaks
  7 wraiths
  3 basilisks
  6 wyverns
  10 humans (D:13)
  A fire elemental (Spider:2)
  3 hogs (Spider:1)
  9 vampire mosquitoes
  A death yak simulacrum (Lair:6)
  4 swamp worms (Gauntlet)
  8 wargs
  Duvessa (D:6)
  2 acid dragons
  7 hell hounds
  16 water moccasins
  32 orc warriors
  A sky beast (D:7)
  2 elephant zombies (Lair:6)
  7 necrophages
  3 wolves (Lair:5)
  12 ogres
  5 centaurs
  An elephant skeleton (Lair:6)
  3 kobold brigands
  A phantom (D:2)
  11 bullfrogs
  A wyvern zombie (D:7)
  Dowan (D:6)
  3 cane toad simulacra (Lair:6)
  6 scorpions
  13 wights (D:7)
  15 killer bees
  4 electric eels
  3 howler monkeys
  5 centaur zombies
  A jelly (D:6)
  A bullfrog zombie (D:7)
  5 hounds
  A gnoll shaman (D:4)
  25 orc priests
  2 bullfrog skeletons (D:7)
  Jessica (D:3)
  4 iguanas
  29 orc wizards
  Natasha (D:4)
  A killer bee zombie (D:8)
  A hound zombie (D:5)
  A mummy (D:7)
  2 howler monkey zombies
  11 adders
  7 gnolls (D:6)
  An ufetubus (D:7)
  A worm (D:2)
  4 dart slugs
  99 orcs
  5 bats
  3 endoplasms
  5 giant cockroaches
  6 goblins
  9 hobgoblins
  8 jackals
  25 kobolds
  6 quokkas
  4 ball pythons
  2 frilled lizards (D:1)
  5 rats
  23 bushes (D:15)
  A butterfly (Lair:4)
884 creatures vanquished.

Vanquished Creatures (collateral kills)
  An orc warlord (Orc:1)
  A hell beast (Gauntlet)
  A two-headed ogre (D:11)
  A death yak (Lair:5)
  A necromancer (Lair:6)
  3 elephants
  Grinder (D:6)
  A phantom (D:4)
  An orc priest (D:4)
  Natasha (twice) (D:4)
  A hound skeleton (D:4)
  4 gnolls (D:4)
  2 worms (D:2)
  2 orcs (Orc:1)
  2 jackals (D:2)
  A kobold (D:3)
  A quokka (D:3)
26 creatures vanquished.

Vanquished Creatures (others)
  A ghost moth (Spider:4)
  A human (D:13)
  A bush (D:15)
  9 fungi
  18 plants
  15 withered plants (Lair:6)
45 creatures vanquished.

Grand Total: 955 creatures vanquished
